 Dungeon Crawl Stone Soup version 0.29-a0-284-gf9362112df (webtiles) character file.

Game seed: 1944453738631570226

935 Gildeon the Basher (level 8, 0/46 HPs)
             Began as a Gargoyle Fighter on Mar 14, 2022.
             Was an Initiate of Ashenzari.
             Killed from afar by an orc wizard (6 damage)
             ... with a magic dart
             ... on level 5 of the Dungeon.
             The game lasted 00:11:54 (5497 turns).

Gildeon the Basher (Gargoyle Fighter)               Turns: 5497, Time: 00:11:55

Health: 0/46       AC: 14    Str: 23    XL:     8   Next: 11%
Magic:  17/17      EV:  6    Int:  8    God:    Ashenzari [......]
Gold:   228        SH:  3    Dex:  5    Spells: 7/7 levels left

rFire   . . .      SeeInvis .   a - +0 flail
rCold   + . .      Faith    .   c - +0 buckler
rNeg    + . .      Spirit   .   i - +0 plate armour
rPois   ∞          Reflect  .   f - +0 helmet
rElec   +          Harm     .   (no cloak)
rCorr   .          Rampage  .   p - +0 pair of gloves
Will    .....                   (no boots)
Stlth   ..........              v - amulet of magic regeneration
HPRegen 0.15/turn               j - ring of Ashenzari's Visionary {rElec rPois rC+ Dex-2 Slay+6, Elem, Melee} (curse)
MPRegen 0.55/turn               h - ring of magical power

@: flying
A: sickness immunity, AC +5, negative energy resistance 1, electricity
resistance, torment resistance 1, petrification resistance, big wings, clumsy 1,
deformed body, high MP 1, noise suppression
a: Renounce Religion, Shatter the Chains


You were on level 5 of the Dungeon.
You worshipped Ashenzari.
Ashenzari was noncommittal.
You visited 2 branches of the dungeon, and saw 6 of its levels.
You also visited: Sewer.

You collected 228 gold pieces.

Inventory:

Hand Weapons
 a - a +0 flail (weapon)
Missiles
 l - a throwing net (quivered)
Armour
 c - a +0 buckler (worn)
 f - a +0 helmet (worn)
 i - a +0 plate armour (worn)
 p - a +0 pair of gloves (worn)
Jewellery
 h - a ring of magical power (right hand)
 j - the cursed ring of Ashenzari's Visionary (left hand) {rElec rPois rC+ Dex-2 Slay+6, Elem, Melee}
   (You found it on level 2 of the Dungeon)

   [ring of protection from cold]

   Dex:       It affects your dexterity (-2).
   Slay:      It affects your accuracy & damage with ranged weapons and melee
   (+6).
   rC:        It protects you from cold.
   rElec:     It insulates you from electricity.
   rPois:     It protects you from poison.
   It has a curse which improves the following skills: Elements: Fire Magic, Ice
   Magic, Air Magic and Earth Magic.
   Melee Combat: Short Blades, Long Blades, Axes, Maces & Flails, Polearms,
   Staves and Unarmed Combat.
 v - an amulet of magic regeneration (around neck)
Scrolls
 b - a scroll of enchant weapon {unknown}
 e - a scroll of noise {unknown}
 k - a scroll of summoning {unknown}
 m - 4 scrolls of teleportation
 n - a scroll of magic mapping {unknown}
 q - a scroll of immolation {unknown}
 s - a scroll of enchant armour {unknown}
 t - a scroll of silence {unknown}
 u - a scroll of fear {unknown}
 y - a scroll of brand weapon {unknown}
 A - a scroll of amnesia {unknown}
Potions
 d - a potion of might
 g - 4 potions of haste
 o - a potion of berserk rage
 r - 2 potions of heal wounds {unknown}
 w - 3 potions of magic {unknown}
 x - 3 potions of curing
 z - a potion of experience {unknown}


   Skills:
 - Level 3.2 Fighting
 + Level 9.3(9.7) Maces & Flails
 - Level 3.2 Armour
 - Level 3.2 Shields


You had 7 spell levels left.
You didn't know any spells.
Your spell library contained the following spells:

 Spells                   Type           Power      Damage    Failure   Level
 Magic Dart               Conj           0%         1d3       100%        1
 Ensorcelled Hibernation  Hex/Ice        0%         N/A       100%        2
 Scorch                   Fire           0%         2d5       100%        2
 Searing Ray              Conj           0%         2d4       100%        2
 Spider Form              Tmut/Pois      0%         N/A       100%        3
 Anguish                  Hex/Necr       0%         N/A       100%        4
 Flame Wave               Conj/Fire      0%         2d4       100%        4
 Fulminant Prism          Conj/Hex       0%         3d6       100%        4
 Summon Cactus Giant      Summ           0%         N/A       100%        6


Dungeon Overview and Level Annotations

Branches:
Dungeon (5/15)             Temple (1/1) D:4           Sewer (visited)

Altars:
Ashenzari
Elyvilon
Fedhas
Gozag
Hepliaklqana
Makhleb
Qazlal
Ru
Sif Muna
Trog
Vehumet
Xom
Yredelemnul
Zin
The Shining One

Shops:
D:3 (


Innate Abilities, Weirdness & Mutations

You are immune to sickness and miasma.
Your stone body is resilient. (AC +5)
You are immune to poison.
You resist negative energy. (rN+)
You are resistant to electric shocks. (rElec)
You are resistant to unholy torment.
You are immune to petrification.
Your large and strong wings let you fly.
You are clumsy. (Dex -2)
Armour fits poorly on your strangely shaped body.
You have an increased reservoir of magic. (+10% MP)
You passively dampen the noise of your surroundings.


Message History

The orc hits you but does no damage.
Unknown command.
You bump into the rock wall.
Something hits you but does no damage. The gnoll hits you with a +0 halberd!
* * * LOW HITPOINT WARNING * * *
The orc hits you but does no damage.
You're too confused to move!
You feel less confused. Something hits you but does no damage.
The gnoll hits you but does no damage. The orc hits you with a +0 club.
* * * LOW HITPOINT WARNING * * *
You barely miss the gnoll.
The gnoll is heavily wounded.
Something hits you.
* * * LOW HITPOINT WARNING * * *
The gnoll hits you but does no damage. You block the orc's attack.
You closely miss the gnoll.
The gnoll is heavily wounded.
Something hits you but does no damage. The gnoll barely misses you.
The orc barely misses you.
Unknown command.
You sock the gnoll!
You kill the gnoll!
Something hits you but does no damage. You block the orc's attack.
You thump the gnoll!
You kill the gnoll!
A scorpion comes into view.
You hear some strange, mumbled words.
Something tries to affect you, but you resist.
The orc hits you but does no damage.
You thump the orc!
You kill the orc!
An orc wizard comes into view. It is wielding a +0 dagger of pain.
You block something's attack. You block something's attack. Something hits you.
* * * LOW HITPOINT WARNING * * *
A magic dart appears from out of thin air!
The magic dart hits you.
You die...

....# #...#... .#.###
#+#...#'#. .....# #.......#.
#.#..# ###...#### #)#..#
+...'.#. ###.####.#..###
....#####.#+ .......)s.....#
#.#^..#.†...
._...####..#..####.#...#.....
... #...{.@......#...#..... .
#.#####'.##.....####.#'
#.#≈≈≈÷#..#........+.#. #
#≈≈≈≈#..#...#>#..###.
#≈≈.≈#...............
#≈≈≈≈#....##.........
#≈≈≈≈#.#.##...>#....)
######...##...)......
....####..####....


You could see a scorpion.

Vanquished Creatures
  An ice beast (D:3)
  A sky beast (D:5)
  A black bear (D:4)
  Pargi (Sewer)
  A scorpion (D:3)
  2 hounds (D:5)
  4 orc wizards
  14 gnolls
  10 adders
  A river rat (D:5)
  An ufetubus (D:5)
  2 worms
  2 dart slugs
  12 orcs
  3 bats
  4 endoplasms
  4 giant cockroaches
  3 goblins
  7 hobgoblins
  11 jackals
  2 quokkas
  6 ball pythons
  4 frilled lizards
  5 kobolds
  5 rats
107 creatures vanquished.

Vanquished Creatures (others)
  2 plants (D:2)
2 creatures vanquished.

Grand Total: 109 creatures vanquished

Notes
Turn   | Place    | Note
-------+----------+-------------------------------------------
     0 | D:1      | Gildeon the Gargoyle Fighter began the quest for the Orb.
     0 | D:1      | Reached XP level 1. HP: 14/14 MP: 1/1
   105 | D:1      | Reached XP level 2. HP: 19/19 MP: 2/2
   229 | D:1      | Found a faded altar of an unknown god.
   288 | D:1      | Reached skill level 3 in Maces & Flails
  1131 | D:2      | Reached XP level 3. HP: 20/23 MP: 3/3
  1653 | D:1      | Reached skill level 4 in Maces & Flails
  1885 | D:1      | Reached XP level 4. HP: 7/28 MP: 4/4
  2569 | D:2      | Found a sacrificial altar of Ru.
  2657 | D:2      | Identified the ring "Hicherch" {rElec rPois rC+ Dex-2
                  | Slay+6}
  3204 | D:3      | Reached skill level 5 in Maces & Flails
  3204 | D:3      | Reached XP level 5. HP: 32/32 MP: 5/5
  3216 | D:3      | Found Teklean's Antique Weapon Boutique.
  3419 | D:3      | Gained mutation: You are dopey. (Int -2) [potion of
                  | mutation]
  3448 | D:3      | Found a burning altar of Makhleb.
  3453 | D:3      | Found a glowing silver altar of Zin.
  3453 | D:3      | Noticed a cacodemon
  3453 | D:3      | Noticed an angel
  3706 | D:3      | Found a stormy altar of Qazlal.
  3780 | D:4      | Noticed an ice beast
  3787 | D:3      | Killed an ice beast
  3788 | D:3      | Reached skill level 6 in Maces & Flails
  3788 | D:3      | Reached XP level 6. HP: 37/37 MP: 6/6
  3821 | D:4      | Reached skill level 7 in Maces & Flails
  3839 | D:4      | Found a staircase to the Ecumenical Temple.
  3850 | Temple   | Entered the Ecumenical Temple
  3857 | Temple   | Became a worshipper of Ashenzari the Shackled
  4003 | D:4      | Noticed a black bear
  4022 | D:4      | Killed a black bear
  4023 | D:4      | Reached XP level 7. HP: 19/41 MP: 7/7
  4447 | D:4      | Lost mutation: You are dopey. (Int -2) [potion of mutation]
  4447 | D:4      | Gained mutation: You have an increased reservoir of magic.
                  | (+10% MP) [potion of mutation]
  4447 | D:4      | Gained mutation: Your mind is acute. (Int +2) [potion of
                  | mutation]
  4448 | D:4      | Lost mutation: Your mind is acute. (Int +2) [potion of
                  | mutation]
  4448 | D:4      | Lost mutation: You have an increased reservoir of magic.
                  | (+10% MP) [potion of mutation]
  4448 | D:4      | Gained mutation: You have an increased reservoir of magic.
                  | (+10% MP) [potion of mutation]
  4448 | D:4      | Gained mutation: You have hidden genetic defects. [potion
                  | of mutation]
  4448 | D:4      | Gained mutation: You passively dampen the noise of your
                  | surroundings. [potion of mutation]
  4448 | D:4      | Gained mutation: Your large and strong wings let you fly.
                  | [potion of mutation]
  4600 | D:4      | Reached skill level 8 in Maces & Flails
  4773 | D:4      | Found a sacrificial altar of Ru.
  5073 | D:5      | Entered Level 5 of the Dungeon
  5134 | D:5      | Gained mutation: You are clumsy. (Dex -2) [hidden defects]
  5177 | D:5      | Found a glowing drain.
  5200 | Sewer    | Entered a sewer
  5232 | Sewer    | Noticed Pargi
  5246 | Sewer    | Killed Pargi
  5258 | Sewer    | Gained mutation: Armour fits poorly on your strangely
                  | shaped body. [hidden defects]
  5258 | Sewer    | Lost mutation: You have hidden genetic defects. [hidden
                  | defects expressed]
  5472 | D:5      | Found a blossoming altar of Fedhas.
  5481 | D:5      | Reached skill level 9 in Maces & Flails
  5481 | D:5      | Reached XP level 8. HP: 40/46 MP: 8/8
  5497 | D:5      | Killed from afar by an orc wizard

Illustrated notes

Levels and vault maps discovered:
D:1:      lightli_arrival_lavapool, layout_basic,
          shapermc_ecumenical_altar_flowoftime, minmay_unequal
D:2:      layout_loops_ring, basic_altar, nicolae_grassy_gnolls
D:3:      layout_rooms, grunt_temple_overflow_order_and_chaos_2,
          lemuel_coloured_pillars_altar, serial_shops, shop, minmay_checkerbox
D:4:      layout_loops_ring, nicolae_overflow_hidden_temple,
          minmay_temple_entry_mist, minivault_25, kennysheep_generic_room_5
D:5:      nicolae_cairo_tiling_large, layout_rooms,
          mainiacjoe_overflow_alcove_1, mainiacjoe_overflow_chevrons,
          nicolae_dithmenos_the_darkroom, portal_sewer_entry_c,
          minmay_misc_feat_diagonals
Temple:   compressed_dpeg_circular_temple

Skill      XL: |  1  2  3  4  5  6  7 |
---------------+----------------------+-----
Maces & Flails | 3 4 5 6 7 9 |  9.3
Fighting       | |  3.2
Armour         | |  3.2
Shields        | |  3.2

Action                   |  1- 3 |  4- 6 |  7- 9 || total
-------------------------+-------+-------+-------++-------
Melee: Flail             |   119 |   127 |   112 ||   358
Invok: Curse Item        |       |       |     1 ||     1
  Use: Scroll            |       |     5 |     2 ||     7
       Potion            |       |     1 |     2 ||     3
Armor: Scale mail        |    52 |       |       ||    52
       Plate armour      |    32 |    93 |   102 ||   227
Dodge: Dodged            |    76 |    40 |    43 ||   159
Block: Buckler           |    22 |    19 |    24 ||    65

Table legend: (Time is in decaauts)
 A = Elapsed time spent in this place.
 B = Non-inter-level travel time spent in this place.
 C = Inter-level travel time spent in this place.
 D = Time resting spent in this place.
 E = Time spent auto-exploring this place.
 F = Levels seen in this place.
 G = Mean time per level.
                   A        B        C        D        E       F      G
               +--------+--------+--------+--------+--------+-----+--------+
         Total |   5564 |   5370 |    194 |   1017 |   3307 |   7 |  794.9 |
       Dungeon |   5204 |   5025 |    179 |   1017 |   3062 |   5 | 1040.8 |
        Temple |     96 |     81 |     15 |      0 |     67 |   1 |   96.0 |
         Sewer |    262 |    262 |      0 |      0 |    178 |   1 |  262.0 |
               +--------+--------+--------+--------+--------+-----+--------+

Top non-repeatable levels by time:
     D:1: 2019 daAuts
     D:2: 1207 daAuts
     D:4: 1190 daAuts
     D:3: 626 daAuts
   Sewer: 262 daAuts
     D:5: 160 daAuts
  Temple: 96 daAuts
